 Dungeon Crawl Stone Soup version 0.18-a0-1088-g34ef3a2 (webtiles) character file.

108428 namelastname112 the Black Belt (level 16, -7/149 HPs)
             Began as a White Draconian Wizard on Jan 15, 2016.
             Was the Champion of Ru.
             Mangled by a spriggan rider
             ... wielding a +0 spear
              (28 damage)
             ... on level 2 of the Swamp.
             The game lasted 01:50:13 (53064 turns).

namelastname112 the Black Belt (DrWz)              Turns: 53064, Time: 01:50:13

Health: -7/149     AC: 18    Str: 10    XL:     16   Next: 2%
Magic:  24/24      EV: 17    Int: 19    God:    Ru [******]
Gold:   1423       SH: 14    Dex: 12    Spells: 3 memorised, 23 levels left

rFire  . . .     SeeInvis .       - Unarmed
rCold  + + .     Gourm    .     (armour unavailable)
rNeg   + . .     Faith    .     a - +2 buckler
rPois  +         Spirit   .     p - +2 hat {MR+}
rElec  .         Dismiss  .     Q - +1 ratskin cloak {rPois rN+ Int-1 Dex-1}
rCorr  .         Reflect  +     N - +2 pair of gloves {archery}
SustAt .         Harm     .     R - +1 pair of boots
MR     +++..                    P - +6 amulet of reflection
Stlth  +.........               v - +3 ring of evasion
                                y - ring of protection from cold

@: heavily drained, extremely resistant to hostile enchantments, very unstealthy
A: breathe frost, unfitting armour, big wings, horns 1, clumsy 1, cold
resistance 1, low mp 1, magic resistance 1, cold-blooded, inability to use
devices, hated by all, reduced EV 1, inexperienced 1, AC +9
a: Breathe Frost, Fly, Draw Out Power, Power Leap, Apocalypse, Renounce Religion


You were on level 2 of the Swamp.
You worshipped Ru.
Ru was exalted by your worship.
You were not hungry.

You visited 4 branches of the dungeon, and saw 27 of its levels.
You also visited: Ice Cave.

You collected 2229 gold pieces.
You spent 806 gold pieces at shops.

Inventory:

Armour
 a - a +2 buckler (worn)
 p - a +2 hat of magic resistance (worn)
 G - a +2 shield of positive energy
 N - a +2 pair of gloves of archery (worn)
 Q - the +1 ratskin cloak (worn) {rPois rN+ Int-1 Dex-1}
   (You bought it in a shop on level 2 of the Orcish Mines)

   It affects your intelligence (-1).
   It affects your dexterity (-1).
   It protects you from poison.
   It protects you from negative energy.
 R - a +1 pair of boots (worn)
Jewellery
 e - an uncursed ring of wizardry
 m - an uncursed ring of protection from magic
 v - a +3 ring of evasion (right hand)
 y - a ring of protection from cold (left hand)
 P - a +6 amulet of reflection (around neck)
Scrolls
 d - a scroll of blinking
 f - a scroll of fear
 g - 2 scrolls of holy word
 i - 2 scrolls of amnesia
 j - 10 scrolls of teleportation
 l - 10 scrolls of remove curse
 o - 3 scrolls of enchant armour
 z - 17 scrolls of identify
 F - 5 scrolls of enchant weapon
Potions
 k - 3 potions of agility
 r - 4 potions of lignification
 t - 4 potions of resistance
 u - a potion of invisibility
 w - a potion of cure mutation
 B - 2 potions of magic
 H - 2 potions of cancellation
 I - 7 potions of curing
 L - 6 potions of brilliance
 M - 5 potions of haste
 O - a potion of berserk rage
 S - 2 potions of might
Books
 s - an Akashic Record

   Spells                             Type                      Level
   a - Dispersal                      Translocation                6
   b - Malign Gateway                 Summoning/Translocation      7
   c - Disjunction                    Translocation                8
   d - Controlled Blink               Translocation                8
 A - a book of Hinderance

   Spells                             Type                      Level
   a - Confusing Touch                Hexes                        2
   b - Confuse                        Hexes                        3
   c - Gell's Gravitas                Hexes/Translocation          3
   d - Petrify                        Transmutation/Earth          4
   e - Metabolic Englaciation         Hexes/Ice                    5
   f - Yara's Violent Unravelling     Hexes/Transmutation          5
 C - a book of the Tempests

   Spells                             Type                      Level
   a - Static Discharge               Conjuration/Air              3
   b - Lightning Bolt                 Conjuration/Air              5
   c - Fireball                       Conjuration/Fire             5
   d - Tornado                        Air                          9
   e - Shatter                        Earth                        9
 D - a book of Party Tricks

   Spells                             Type                      Level
   a - Summon Butterflies             Summoning                    1
   b - Apportation                    Translocation                1
   c - Tukima's Dance                 Hexes                        3
   d - Alistair's Intoxication        Transmutation/Poison         5
   e - Invisibility                   Hexes                        6
 K - a book of Conjurations

   Spells                             Type                      Level
   a - Magic Dart                     Conjuration                  1
   b - Searing Ray                    Conjuration                  2
   c - Dazzling Spray                 Conjuration/Hexes            3
   d - Fulminant Prism                Conjuration/Hexes            4
   e - Iskenderun's Mystic Blast      Conjuration                  4
   f - Iskenderun's Battlesphere      Conjuration/Charms           5
Comestibles
 c - 11 bread rations


   Skills:
 + Level 15.0(13.0) Fighting
 + Level 12.9(11.0) Dodging
 - Level 1.7(0.3) Stealth
 * Level 10.8(8.9) Shields
 * Level 15.3(13.2) Unarmed Combat
 - Level 7.1(5.4) Spellcasting
 - Level 1.0(0.0) Conjurations
   Level 1.0(0.0) Summonings
 - Level 1.0(0.0) Translocations
 - Level 6.9(5.2) Transmutations


You had 23 spell levels left.
You knew the following spells:

 Your Spells              Type           Power        Failure   Level  Hunger
a - Ice Form              Ice/Trmt       ###.....     38%         4    ####...
b - Apportation           Tloc           #.........   14%         1    None
z - Magic Dart            Conj           #...         14%         1    None


Dungeon Overview and Level Annotations

Branches:
Dungeon (15/15)            Temple (0/1) D:6            Lair (8/8) D:10
  Swamp (2/4) Lair:3        Snake (0/4) Lair:6        Slime (0/6) Lair:7
    Orc (2/2) D:9          Vaults (0/5) D:13         Depths (0/5) D:15
    Elf: Orc:2

Altars:
Cheibriados
Dithmenos
Fedhas
Okawaru
Pakellas
Ru
Vehumet
Xom
Yredelemnul
Zin
Beogh
Jiyva

Shops:
D:5 *   D:13 ?   Orc:2 [[:[

Annotations:
D:15 exclusion: fire giant
Orc:2 st0uf's ghost, journeyman MiBe


Innate Abilities, Weirdness & Mutations

You can breathe waves of freezing cold.
You can buffet flying creatures when you breathe cold.
Your icy white scales are hard (AC +9).
Your body does not fit into most forms of armour.
Your flesh is cold resistant.
Your magical capacity is low (-10% MP).
You are cold-blooded and may be slowed by cold attacks.
You cannot study or use magical devices.
You are hated by all.
You have somewhat slow reflexes. (-3 EV)
You are somewhat inexperienced (-2 XL).
Your large and strong wings let you fly indefinitely.
You have a pair of small horns on your head.
You are clumsy. (Dex -2)
You are resistant to hostile enchantments.


Message History

You block the wasp's attack.
Unknown command.
You hit the wasp but do no damage. You headbutt the wasp.
You kill the wasp!
The spriggan rider is stunned by your will and fails to attack.
Unknown command.
You miss the spriggan rider.
The spriggan rider is moderately wounded.
The spriggan rider hits you with a spear!
* * * LOW HITPOINT WARNING * * *
Unknown command.
You hit the spriggan rider.
The spriggan rider is heavily wounded.
You block the spriggan rider's attack.
You hit the spriggan rider.
The spriggan rider is heavily wounded.
You hit the spriggan rider.
The spriggan rider is heavily wounded.
The spriggan rider hits you with a spear!!
You die...

≈≈v..♣♣♣.......♣♣♣..♣
≈v≈.......≈≈....♣.≈≈.≈
....v.....≈≈≈.≈≈.<≈≈≈.
.≈..≈≈≈≈≈.....≈≈≈.≈...
.(..≈≈≈≈≈...≈.≈≈≈≈≈≈.≈
♣♣♣♣≈.≈§≈..†..≈≈.≈≈≈≈.
♣♣♣♣♣♣♣≈.≈...≈≈^≈≈≈≈ ♣♣♣♣
♣§..†♣♣v♣.♣.≈...≈≈≈≈
♣♣♣§.♣♣♣♣..@≈♣.♣.♣♣♣.♣≈≈♣..
♣♣≈♣♣≈....≈♣i♣.♣♣♣..†♣.♣.♣
♣.≈≈...≈≈≈♣.♣♣..♣.♣.♣.♣♣≈♣♣
♣...≈≈≈≈≈≈♣♣.♣.♣.♣.≈♣♣≈♣..♣
♣♣♣♣♣♣♣♣♣..≈♣.♣.♣♣♣.♣≈♣.♣.♣♣
♣..♣.♣♣♣.♣.♣≈♣.♣♣..♣
♣♣..♣♣....≈♣.♣♣♣.♣.♣♣
♣...♣.♣.♣≈♣♣♣.♣.♣.♣.♣♣
♣♣.≈..♣..♣♣.♣...♣.♣♣♣.♣


You could see a spriggan rider.

Vanquished Creatures
  Kirke (Lair:8)
  A dire elephant (Lair:2)
  Snorg (D:14)
  2 blizzard demons (IceCv)
  Fannar (Orc:1)
  4 hydras
  3 catoblepae
  A ghost crab (Swamp:1)
  3 death knights
  2 centaur warriors (D:15)
  An ogre mage (D:13)
  A tengu warrior (D:15)
  12 death yaks
  A deep troll shaman (Lair:8)
  An orc high priest (Orc:2)
  A fire crab (Lair:6)
  A skeletal warrior (D:13)
  A fire crab (shapeshifter) (D:14)
  A swamp dragon (Swamp:1)
  An unseen horror (D:12)
  A lindwurm (Lair:3)
  A shambling mangrove (Swamp:2)
  10 hill giants
  A griffon (Lair:6)
  2 orc knights
  6 orc sorcerers
  An anubis guard (shapeshifter) (D:15)
  2 deep elf magi
  A hornet (Swamp:2)
  A manticore (D:15)
  13 ugly things
  A centaur zombie (D:15)
  2 cyclopes
  An ice statue (IceCv)
  19 elephants
  9 black mambas
  2 torpor snails
  3 gargoyles
  7 spiny frogs
  An efreet (D:14)
  7 komodo dragons
  6 ice devils (IceCv)
  4 yaktaurs (D:13)
  A tengu conjurer (D:14)
  An anaconda simulacrum (IceCv)
  A harpy zombie (D:15)
  2 golden dragon simulacra (IceCv)
  6 freezing wraiths
  4 polar bears
  Grinder (D:4)
  2 giant leeches (Swamp:2)
  9 trolls
  A jumping spider (shapeshifter) (D:15)
  4 two-headed ogres
  3 slime creatures (D:15)
  Prince Ribbit (D:7)
  A boulder beetle (Lair:8)
  15 blink frogs
  2 shadows
  47 yaks
  A vampire (D:13)
  5 wyverns
  2 dire elephant simulacra (IceCv)
  6 wraiths
  6 hungry ghosts
  4 hogs
  16 hippogriffs
  A fire elemental (D:13)
  2 death yak simulacra (IceCv)
  8 vampire mosquitoes
  5 wargs (Orc:1)
  A steam dragon (D:9)
  Menkaure (D:4)
  2 mottled dragons (D:11)
  11 wolves
  2 insubstantial wisps (Swamp:2)
  4 iron troll simulacra (IceCv)
  6 swamp worms
  Edmund (D:4)
  A harpy simulacrum (IceCv)
  17 water moccasins
  4 hydra simulacra (IceCv)
  3 ice beasts
  8 porcupines
  28 orc warriors
  A swamp drake (Swamp:1)
  4 sky beasts
  Duvessa (D:7)
  An eye of draining (D:12)
  A black bear (D:11)
  2 phantoms
  6 wasps
  3 ettin simulacra (IceCv)
  17 ogres
  20 centaurs
  13 crocodiles
  2 big kobolds
  Blork the orc (D:4)
  22 giant frogs
  2 gnoll sergeants
  A wyvern zombie (D:10)
  Dowan (D:7)
  6 scorpions
  5 killer bees (D:13)
  4 wights (D:15)
  An electric eel (Lair:3)
  8 crimson imps
  4 giant frog zombies
  5 quasits
  5 jellies
  35 orc priests
  6 giant frog skeletons
  4 hounds
  Crazy Yiuf (D:4)
  8 centaur skeletons
  31 orc wizards
  Terence (D:3)
  7 iguanas
  15 worker ants
  7 hell rats (Lair:7)
  A polar bear simulacrum (IceCv)
  A spriggan simulacrum (IceCv)
  4 troll simulacra (IceCv)
  18 sheep
  4 centaur simulacra (IceCv)
  A human simulacrum (D:11)
  A hound zombie (D:6)
  3 hound skeletons
  Robin (D:4)
  14 gnolls
  67 river rats
  11 adders
  A naga simulacrum (IceCv)
  An ogre simulacrum (IceCv)
  4 shadow imps
  10 white imps (IceCv)
  5 ufetubi (IceCv)
  An ooze (D:4)
  An adder zombie (D:6)
  2 worms
  2 adder skeletons
  5 giant geckos
  78 orcs
  9 giant cockroaches
  17 goblins
  11 hobgoblins
  3 jackals (D:9)
  4 quokkas
  6 ball pythons
  15 bats
  4 giant newts
  21 kobolds
  15 rats
  A fire vortex (D:13)
  6 fungi
  4 plants
990 creatures vanquished.

Vanquished Creatures (others)
  A hydra (Lair:8)
  A deep elf mage (D:14)
  A lindwurm (Lair:8)
  A griffon (Lair:8)
  An elephant (Lair:8)
  A black mamba (Lair:6)
  An anaconda simulacrum (IceCv)
  A centaur skeleton (D:14)
  2 trolls
  A hippogriff (D:13)
  A hog (Lair:8)
  An iron troll simulacrum (IceCv)
  A water moccasin (D:13)
  2 porcupines (Lair:6)
  A swamp drake (Swamp:2)
  An orc warrior (D:11)
  2 centaurs
  A crocodile (Lair:2)
  2 giant frogs
  An orc wizard (D:8)
  A human simulacrum (D:11)
  A gnoll (Orc:1)
  An adder (D:11)
  5 orcs
  A kobold (D:13)
  2 bushes
  29 fungi
  18 plants
  13 toadstools (Lair:3)
95 creatures vanquished.

Grand Total: 1085 creatures vanquished

Notes
Turn   | Place    | Note
--------------------------------------------------------------
     0 | D:1      | namelastname112 the Draconian Wizard began the quest for the Orb.
     0 | D:1      | Reached XP level 1. HP: 14/14 MP: 4/4
    61 | D:1      | Reached skill level 1 in Unarmed Combat
   145 | D:1      | Reached XP level 2. HP: 11/20 MP: 1/6
   718 | D:2      | Reached XP level 3. HP: 26/26 MP: 4/7
   739 | D:2      | Found a blossoming altar of Fedhas.
  1728 | D:3      | Noticed Terence
  1738 | D:3      | Reached XP level 4. HP: 33/33 MP: 5/8
  1746 | D:2      | Reached skill level 4 in Unarmed Combat
  1769 | D:3      | Found an iron altar of Okawaru.
  1827 | D:3      | Killed Terence
  1929 | D:3      | Found an oddly glowing altar of Pakellas.
  2072 | D:3      | Reached XP level 5. HP: 38/38 MP: 9/9
  2135 | D:3      | Noticed a centaur
  2531 | D:2      | Killed a centaur
  2531 | D:2      | Reached skill level 5 in Unarmed Combat
  3567 | D:3      | Found a snail-covered altar of Cheibriados.
  3782 | D:3      | Reached XP level 6. HP: 42/45 MP: 10/10
  3844 | D:4      | Reached skill level 6 in Unarmed Combat
  3905 | D:4      | HP: 2/45 [poisoned by a worker ant]
  3913 | D:4      | HP: 1/45 [poisoned by a worker ant]
  4275 | D:4      | Found a sacrificial altar of Ru.
  4577 | D:4      | Became a worshipper of Ru the Awakened
  4736 | D:4      | Found a radiant altar of Vehumet.
  4741 | D:4      | Noticed Robin
  5196 | D:4      | Noticed Menkaure
  5196 | D:4      | Killed Robin
  5196 | D:4      | Reached skill level 7 in Unarmed Combat
  5455 | D:4      | Noticed Edmund
  5531 | D:4      | Killed Menkaure
  5531 | D:4      | Reached XP level 7. HP: 37/50 MP: 11/11
  5531 | D:4      | Your scales start taking on an icy white colour.
  5531 | D:4      | Gained mutation: Your flesh is cold resistant. [White Draconian growth]
  5734 | D:4      | Killed Edmund
  5813 | D:4      | Reached skill level 8 in Unarmed Combat
  5940 | D:4      | Noticed Blork the orc
  5952 | D:4      | Killed Blork the orc
  6295 | D:4      | Noticed Grinder
  6320 | D:4      | Killed Grinder
  6320 | D:4      | Reached skill level 9 in Unarmed Combat
  6320 | D:4      | Reached XP level 8. HP: 22/57 MP: 12/12
  6563 | D:4      | Noticed Crazy Yiuf
  6573 | D:4      | Killed Crazy Yiuf
  6653 | D:5      | Entered Level 5 of the Dungeon
  6667 | D:4      | Gained mutation: You are resistant to hostile enchantments. [potion of mutation]
  6667 | D:4      | Gained mutation: Your large and strong wings let you fly indefinitely. [potion of mutation]
  6667 | D:4      | Gained mutation: You are clumsy. (Dex -2) [potion of mutation]
  7167 | D:5      | Found Engaifad's General Store.
  7333 | D:5      | Bought a scroll of identify for 30 gold pieces
  7333 | D:5      | Bought a potion of heal wounds for 75 gold pieces
  7365 | D:5      | Gained mutation: You are somewhat inexperienced (-2 XL). [Ru sacrifice]
  7365 | D:5      | Reached XP level 7. HP: 50/50 MP: 11/11
  7365 | D:5      | Reached XP level 6. HP: 45/45 MP: 10/10
  7365 | D:5      | Reached * piety under Ru
  7370 | D:5      | Found a glowing silver altar of Zin.
  7501 | D:5      | Reached skill level 10 in Unarmed Combat
  7660 | D:5      | Reached XP level 7. HP: 34/50 MP: 11/11
  8258 | D:6      | Reached skill level 11 in Unarmed Combat
  8791 | D:6      | Found a staircase to the Ecumenical Temple.
  8829 | D:7      | Reached XP level 8. HP: 51/57 MP: 12/12
  8942 | D:7      | You fall through a shaft for 2 floors!
  8942 | D:9      | Found a shadowy altar of Dithmenos.
  9353 | D:8      | Reached skill level 12 in Unarmed Combat
  9640 | D:8      | Reached skill level 1 in Fighting
 10030 | D:8      | Reached XP level 9. HP: 60/68 MP: 13/13
 10255 | D:7      | Found a basalt altar of Yredelemnul.
 10552 | D:7      | Noticed Duvessa
 10553 | D:7      | Noticed Dowan
 10570 | D:7      | Killed Duvessa
 10593 | D:7      | Killed Dowan
 11323 | D:7      | Gained mutation: You have a pair of small horns on your head. [potion of beneficial mutation]
 11413 | D:7      | Gained mutation: You are hated by all. [Ru sacrifice]
 11413 | D:7      | Reached ** piety under Ru
 11509 | D:7      | Noticed Prince Ribbit
 11533 | D:7      | Killed Prince Ribbit
 11533 | D:7      | Reached skill level 5 in Fighting
 11916 | D:9      | Found a staircase to the Orcish Mines.
 12080 | D:9      | Reached XP level 10. HP: 30/81 MP: 11/14
 12534 | D:9      | Reached skill level 13 in Unarmed Combat
 12585 | D:9      | Reached skill level 5 in Dodging
 12688 | D:10     | Entered Level 10 of the Dungeon
 13381 | D:10     | Noticed a hill giant
 13389 | D:10     | Noticed a hill giant
 13831 | D:10     | Noticed a hill giant
 13858 | D:10     | Killed a hill giant
 14036 | D:10     | Found a shimmering altar of Xom.
 14840 | D:10     | Gained mutation: Your magical capacity is low (-10% MP). [Ru sacrifice]
 14840 | D:10     | Reached *** piety under Ru
 14858 | D:10     | Killed a hill giant
 15088 | D:10     | Found a staircase to the Lair.
 15327 | D:10     | Killed a hill giant
 15327 | D:10     | Reached XP level 11. HP: 69/94 MP: 13/13
 15664 | Lair:1   | Entered Level 1 of the Lair of Beasts
 16593 | Lair:1   | Noticed an eight-headed hydra
 17146 | Lair:1   | You are sucked into a shaft!
 17499 | Lair:2   | Reached skill level 14 in Unarmed Combat
 19485 | Lair:3   | Gained mutation: You cannot study or use magical devices. [Ru sacrifice]
 19485 | Lair:3   | Reached **** piety under Ru
 19485 | Lair:3   | Reached ***** piety under Ru
 20307 | Lair:3   | Noticed a seven-headed hydra
 20444 | Lair:3   | Killed a seven-headed hydra
 20444 | Lair:3   | Reached skill level 10 in Fighting
 20737 | Lair:3   | Reached XP level 12. HP: 98/106 MP: 14/14
 20755 | Lair:3   | Found a staircase to the Swamp.
 21190 | Lair:3   | Noticed a dire elephant
 23542 | Lair:4   | Gained mutation: You have somewhat slow reflexes. (-3 EV) [Ru sacrifice]
 23542 | Lair:4   | Reached ****** piety under Ru
 24013 | Lair:5   | Noticed a death yak
 24013 | Lair:5   | Noticed a death yak
 24022 | Lair:5   | Noticed a death yak
 24022 | Lair:5   | Noticed a death yak
 24023 | Lair:5   | Noticed a death yak
 24024 | Lair:5   | Noticed a death yak
 24033 | Lair:5   | Killed a death yak
 24033 | Lair:5   | Reached skill level 1 in Shields
 24035 | Lair:5   | Killed a death yak
 24038 | Lair:5   | Killed a death yak
 24040 | Lair:5   | Killed a death yak
 24047 | Lair:5   | Killed a death yak
 24056 | Lair:5   | Killed a death yak
 25104 | Lair:5   | Reached skill level 5 in Shields
 25203 | Lair:6   | Noticed a catoblepas
 25240 | Lair:6   | Killed a catoblepas
 25240 | Lair:6   | Reached XP level 13. HP: 73/116 MP: 15/15
 25399 | Lair:6   | Reached skill level 10 in Dodging
 25687 | Lair:6   | Found a staircase to the Snake Pit.
 25857 | Lair:6   | HP: 5/117 [komodo dragon (30)]
 27792 | Lair:7   | Found a viscous altar of Jiyva.
 27796 | Lair:7   | Found a staircase to the Slime Pits.
 28615 | Lair:8   | Entered Level 8 of the Lair of Beasts
 28737 | Lair:8   | Noticed Kirke
 29616 | Lair:8   | Killed Kirke
 30191 | Lair:8   | Reached XP level 14. HP: 127/127 MP: 16/16
 31104 | Lair:8   | Reached skill level 10 in Shields
 31368 | Lair:8   | Learned a level 4 spell: Ice Form
 32259 | Orc:1    | Entered Level 1 of the Orcish Mines
 32562 | Orc:1    | Noticed Fannar
 32597 | Orc:1    | Killed Fannar
 32597 | Orc:1    | Reached skill level 1 in Transmutations
 33002 | Orc:1    | Found a roughly hewn altar of Beogh.
 33183 | Orc:2    | Entered Level 2 of the Orcish Mines
 34589 | Orc:2    | Noticed st0uf's ghost (journeyman MiBe)
 38864 | D:12     | Reached skill level 5 in Spellcasting
 40241 | D:13     | Found Bages's Magic Scroll Shoppe.
 40273 | D:13     | Reached XP level 15. HP: 126/138 MP: 20/20
 40283 | D:13     | Bought a scroll of blinking for 97 gold pieces
 40328 | D:13     | Found a snail-covered altar of Cheibriados.
 40925 | D:13     | Reached skill level 5 in Transmutations
 41452 | D:13     | Found a gate to the Vaults.
 43140 | D:14     | Noticed Snorg
 43178 | D:14     | Killed Snorg
 43460 | D:14     | Learned a level 1 spell: Apportation
 43642 | D:15     | Entered Level 15 of the Dungeon
 46183 | D:15     | Found a staircase to the Depths.
 46183 | D:15     | Noticed a fire giant
 47606 | Orc:2    | Found Wehab's Armour Emporium.
 47609 | Orc:2    | Found Zihajeim's Antique Armour Shoppe.
 47610 | Orc:2    | Found Bomeha's Armour Shoppe.
 47614 | Orc:2    | Found Otuschuo's Book Emporium.
 47638 | Orc:2    | Bought the +1 ratskin cloak {rPois rN+ Int-1 Dex-1} for 496 gold pieces
 47638 | Orc:2    | Bought a pair of embroidered boots for 108 gold pieces
 48000 | Swamp:1  | Entered Level 1 of the Swamp
 48059 | Swamp:1  | Reached skill level 15 in Unarmed Combat
 48082 | Swamp:1  | Found a frozen archway.
 48093 | IceCv    | Entered an ice cave
 51487 | IceCv    | Reached skill level 15 in Fighting
 52454 | Swamp:1  | Noticed a tentacled monstrosity
 52883 | Swamp:2  | Reached XP level 16. HP: 149/149 MP: 24/24
 53064 | Swamp:2  | Mangled by a spriggan rider

Vault maps used:
D:1:      lemuel_arrival_behind_the_door_small, kennysheep_small_spiral,
          kennysheep_pointless_box
D:2:      fedhas_altar_3, first_bread, minmay_rat_gold_closets
D:3:      lemuel_round_altar, cheibriados_altar_wand_db, grunt_pakellas_salt,
          uniq_terence
D:4:      vehumet_altar_wand_db, nicolae_ru_the_path_less_chosen,
          uniq_blork_the_orc, uniq_edmund, uniq_menkaure, uniq_grinder,
          uniq_robin, uniq_crazy_yiuf_cottage
D:5:      zin_scriptorium, serial_shops, shop
D:6:      minmay_temple_entry_poolview
D:7:      lemuel_crystal_altar, grunt_ogre_cave, uniq_duvessa,
          uniq_prince_ribbit1
D:9:      grunt_dithmenos_smoke_and_mirrors, orc_0_dummy
D:10:     grunt_lair_entry_orc_guard_hut, xom_teletrap_fun
D:11:     minmay_splitting_lines, bh_circular_ruins
D:13:     hangedman_vaults_entry_quadrant_bands, basic_altar, kennysheep_diamond
D:14:     minmay_crystal_room, library_closet, uniq_snorg
D:15:     grunt_enter_depths_giant_problem, minmay_misc_feat_columns,
          minmay_variable_closet
Lair:3:   gammafunk_lair_enchanted_lake, swamp_mist_pool
Lair:4:   st_stairs_12
Lair:6:   minmay_snake_entry_six_corridors
Lair:7:   slime_altar_1, serial_bayou_shore_a
Lair:8:   grunt_lair_end_beastmaster, grunt_forest_stairs_basic, uniq_kirke
Swamp:1:  portal_ice_cave_entry_pillars_01, evilmike_swamp_ruin_house_4,
          swamp_pool1
Swamp:2:  nicolae_swamp_dense_foliage
Orc:1:    statue_in_the_mist_lemuel, david_defended_altar_orc, uniq_fannar
Orc:2:    st_orc_mages, guppyfry_orc_lava_fort
IceCv:    ice_cave_caverns_01

Action                   |  1- 3 |  4- 6 |  7- 9 | 10-12 | 13-15 | 16-18 || total
-------------------------+-------+-------+-------+-------+-------+-------++-------
Melee: Dagger            |   100 |   246 |   130 |       |       |       ||   476
       Unarmed           |       |    38 |   405 |   957 |  2858 |    67 ||  4325
 Cast: Magic Dart        |    47 |    49 |    45 |       |       |       ||   141
       Ice Form          |       |       |       |       |     2 |       ||     2
Invok: Sacrifice Experie |       |     1 |       |       |       |       ||     1
       Sacrifice Love    |       |       |     1 |       |       |       ||     1
       Sacrifice Essence |       |       |       |     1 |       |       ||     1
       Draw Out Power    |       |       |       |     3 |     8 |     1 ||    12
       Apocalypse        |       |       |       |     3 |     6 |       ||     9
       Sacrifice Artific |       |       |       |     1 |       |       ||     1
       Power Leap        |       |       |       |     1 |     1 |       ||     2
       Sacrifice Health  |       |       |       |     1 |       |       ||     1
 Abil: Breathe Frost     |       |       |    15 |    23 |    12 |       ||    50
       Fly               |       |       |     1 |       |       |     1 ||     2
Evoke: Wand              |       |     4 |    10 |    10 |       |       ||    24
  Use: Potion            |       |     5 |     5 |       |     6 |       ||    16
       Scroll            |       |    13 |    12 |     5 |    10 |       ||    40
 Stab: Sleeping          |     4 |     1 |     2 |     2 |     5 |       ||    14
       Confused          |       |       |     8 |       |       |       ||     8
       Invisible         |       |       |     1 |     5 |    39 |       ||    45
       Distracted        |       |       |       |     6 |    19 |       ||    25
       Paralysed         |       |       |       |    15 |    52 |     2 ||    69
       Petrifying        |       |       |       |       |     1 |       ||     1
       Petrified         |       |       |       |       |     1 |       ||     1
  Eat: Chunk             |     2 |     7 |    18 |    16 |    33 |       ||    76
       Meat ration       |       |     1 |     1 |     4 |     5 |       ||    11
       Fruit             |       |       |     4 |     3 |     8 |       ||    15
       Pizza             |       |       |     1 |       |     1 |       ||     2
       Royal jelly       |       |       |     1 |       |       |       ||     1
       Bread ration      |       |       |       |     2 |     3 |       ||     5
       Beef jerky        |       |       |       |       |    10 |       ||    10
